Cogmind - Beta 17 @@@ ROGUE MODE // 2026.08.15 @ 00:11:36 Player: Alphabethead Result: Destroyed by 5M-0A5(R) with Subdweller Laser Performance ------------- Evolutions (0) 0 Regions Visited (3) 600 Robots Destroyed (14) 70 Value Destroyed (454) 454 Prototype IDs (0) 0 Alien Tech Used (0) 0 Bonus (0) 0 TOTAL SCORE: 1124 Bonus ------- None Cogmind --------- Core Integrity 0/250 Matter 300/300 Energy 200/200 System Corruption 0% Temperature Cool (6) Movement Rolling (100) Location -10/Subcaves Parts ------- > --- POWER (1) -------- Subdweller Power Source > --- PROPULSION (2) --- Compact Wheel Compact Wheel > --- UTILITY (2) ------ Small Storage Unit Subdweller Optics > --- WEAPON (2) ------- (None) > --- INVENTORY (8) ---- Subdweller Power Source Structural Scanner Visual Processing Unit Light Armor Plating Datajack Peak State ------------ > --- POWER ------------ Subdweller Power Source > --- PROPULSION ------- Compact Wheel Compact Wheel > --- UTILITY ---------- Small Storage Unit Subdweller Optics > --- WEAPON ----------- Heavy Riot Gun Subdweller Machine Gun > --- INVENTORY -------- Subdweller Power Source Structural Scanner Visual Processing Unit Light Armor Plating Subdweller Machine Gun Datajack [Rating: 13] Favorites ----------- Power Ion Engine Engine Ion Engine Power Core Light Nuclear Core Propulsion Aluminum Leg Leg Aluminum Leg Wheel Compact Wheel Utility Small Storage Unit Device Seismic Detector Storage Small Storage Unit Protection Light Armor Plating Weapon Assault Rifle Energy Gun Heavy Riot Gun Ballistic Gun Assault Rifle Build | -11 -10 -10 -10 ------- Run | Yrd Mat Min Sub Slots Evolved . | . . . . Power . | . . . . Propulsion . | . . . . Utility . | . . . . Weapon . | . . . . Parts Attached 20 | 6 2 3 9 Power 4 | 1 . 1 2 Engine 3 | 1 . . 2 Core 1 | . . 1 . Reactor . | . . . . Propulsion 6 | 2 . 2 2 Treads . | . . . . Leg 2 | 2 . . . Wheel 4 | . . 2 2 Hover . | . . . . Flight . | . . . . Utility 4 | 1 2 . 1 Device 2 | . 1 . 1 Storage 1 | 1 . . . Processor . | . . . . Hackware . | . . . . Protection 1 | . 1 . . Artifact . | . . . . Weapon 6 | 2 . . 4 Energy Gun 1 | . . . 1 Energy Cannon . | . . . . Ballistic Gun 5 | 2 . . 3 Ballistic Cannon . | . . . . Launcher . | . . . . Special Weapon . | . . . . Impact Weapon . | . . . . Slashing Weapon . | . . . . Piercing Weapon . | . . . . Special Melee Weapon . | . . . . Unidentified Prototypes . | . . . . Parts Lost 8 | . . . 8 Power 2 | . . . 2 Propulsion 2 | . . . 2 Utility 1 | . . . 1 Weapon 3 | . . . 3 Highest Loss Streak 5 | . . . 5 To Critical Strikes . | . . . . Average Backups 6 | 1 4 7 5 Power . | . 1 1 . Propulsion 1 | . 2 2 . Utility 2 | . . 2 3 Weapon . | . 1 1 . Tool/Special . | . . . . Unused Backups 6 | . 1 1 4 Power 1 | . . . 1 Propulsion . | . . . . Utility 3 | . . 1 2 Weapon 1 | . 1 . . Tool/Special 1 | . . . 1 Average Slot Usage (%) 98 | . 97 100 95 Engine 10 | . 14 9 11 Core 3 | . . 4 1 Leg 13 | . 28 19 . Wheel 14 | . . 8 27 Device 12 | . 5 14 12 Storage 14 | . 14 14 14 Ballistic Gun 27 | . 28 28 25 Peak Build Rating 13 | 6 7 9 13 Average Rating 8 | 4 6 7 10 On Entrance 5 | . 6 7 9 Avg Prop Armor Cover (%) . | . . . . Naked Turns . | . . . . Heaviest Build 20 | 14 17 15 20 Greatest Support 32 | 20 20 20 32 Greatest Overweight (x) 1 | . . 1 . Average Overweight (x) . | . . . . Largest Inventory Capacity 8 | 8 8 8 8 Average Capacity 7 | 6 8 8 8 Most Carried 8 | 4 6 8 8 Average Carried 6 | 2 4 7 5 Final Capacity 8 | 8 8 8 8 Final Carried 8 | 4 6 8 5 Class Distribution -------------------- 79% | Mutant 20% | Scavenger-Mutant Dominant Class ---------------- Mutant | -10/Materials Mutant | -10/Mines Scavenger-Mutant | -10/Subcaves Resources | -11 -10 -10 -10 ----------- Run | Yrd Mat Min Sub Matter Collected 692 | 161 21 253 257 Remotely . | . . . . Salvage Created 502 | . 21 221 260 Parts 26 | . 2 11 13 Haulers Intercepted . | . . . . Recyclers Shooed . | . . . . Parts Field Recycled . | . . . . Retrieved Matter . | . . . . Parts Self-Destructed 4 | . . . 4 Prevented . | . . . . Parts Restored . | . . . . Kills | -11 -10 -10 -10 ------- Run | Yrd Mat Min Sub Combat Hostiles Destroyed 12 | . . 6 6 Guns 12 | . . 6 6 Classes Destroyed 5 | . 1 3 1 Worker 2 | . . 2 . Watcher 1 | . 1 . . Grunt 5 | . . 5 . Subdweller 6 | . . . 6 Assembled 1 | . . 1 . Best Kill Streak 4 | . 1 4 3 Combat Bots Only 4 | . . 4 3 Max Kills in Single Turn 1 | . 1 1 1 Gunslinging . | . . . . Exploded . | . . . . Melee . | . . . . Uniques/NPCs Destroyed . | . . . . Combat | -11 -10 -10 -10 -------- Run | Yrd Mat Min Sub Hostile Shots Fired 83 | . 1 25 57 Missed 24 | . 1 10 13 Hits 59 | . . 15 44 Projectile 59 | . . 15 44 Critical Strikes 1 | . . 1 . Damage Taken 1099 | . . 205 894 Core 253 | . . 59 194 Absorbed by Shields . | . . . . Core Remaining (%) 100 | 100 . . . Volleys Fired 73 | . 2 18 53 Largest 2 | . 2 2 2 Hottest 90 | . 40 40 90 Shots Fired 123 | . 4 36 83 Gun 123 | . 4 36 83 Cannon . | . . . . Launcher . | . . . . Special . | . . . . Kinetic 120 | . 4 36 80 Thermal . | . . . . Explosive . | . . . . Electromagnetic 3 | . . . 3 Robot Hit Streak 12 | . 2 12 11 Robot Miss Streak 3 | . 1 3 1 Penetration Max . | . . . . Secondary Targets 2 | . . 1 1 Max Gunslinging Chain 1 | . . 1 1 Shots Hit Robots 71 | . 2 22 47 Core Hits 32 | . 2 14 16 Critical Kills . | . . . . Critical Parts Destroyed . | . . . . Critical Strikes . | . . . . Melee Attacks . | . . . . Impact . | . . . . Slashing . | . . . . Piercing . | . . . . Sneak Attacks . | . . . . Combat Hostiles . | . . . . Follow-up Attacks . | . . . . Damage Inflicted 948 | . 26 282 640 Guns 946 | . 26 280 640 Cannons . | . . . . Explosions . | . . . . Melee . | . . . . Ramming 2 | . . 2 . Kinetic 894 | . 26 280 588 Thermal . | . . . . Explosive . | . . . . Electromagnetic 52 | . . . 52 Impact . | . . . . Slashing . | . . . . Piercing . | . . . . Highest Corruption . | . . . . Average Corruption . | . . . . Corruption Purged . | . . . . Corruption Blocked . | . . . . Overload Shots . | . . . . Overflow Damage . | . . . . Projectiles . | . . . . Explosions . | . . . . Melee . | . . . . Knockbacks . | . . . . Impact . | . . . . Kinetic . | . . . . Secondary . | . . . . Self-Inflicted Damage . | . . . . Shots . | . . . . Rammed . | . . . . Targets Rammed 1 | . . 1 . Kicked 1 | . . 1 . Crushed . | . . . . Highest Temperature 20 | . . 20 . Average Temperature 5 | . . 5 . Received Heat Transfer 237 | . . 117 120 Siege Activations . | . . . . Martial Activations . | . . . . Shielding Activations . | . . . . Robots Disrupted . | . . . . Combat Hostiles . | . . . . Robots Corrupted . | . . . . Combat Hostiles . | . . . . Parts Fried . | . . . . Impact Corruptions . | . . . . Robots Melted . | . . . . Combat Hostiles . | . . . . Parts Melted . | . . . . Heat Transferred . | . . . . Parts Sabotaged . | . . . . Parts Stolen . | . . . . Parts Stripped . | . . . . Power Chain Reactions . | . . . . Alert | -11 -10 -10 -10 ------- Run | Yrd Mat Min Sub Maximum Alert Level . | . . . . Low Security (%) 100 | 100 100 100 . Level 1 . | . . . . Level 2 . | . . . . Level 3 . | . . . . Level 4 . | . . . . Level 5 . | . . . . High Security . | . . . . Max Security . | . . . . Peak Influence 64 | . 7 64 . Initial . | . . . . Average 6 | . . 7 . Influence Increases 137 | . 7 130 . Destroy 0b10 Robot/C 100 | . . 100 . Destroy 0b10 Robot/NC 15 | . 5 10 . Destroy Leader 22 | . 2 20 . Influence Decreases 137 | . 7 78 52 Entered New Map 28 | . . . 28 Time Decay 95 | . 7 78 10 Lost Part 14 | . . . 14 Squads Dispatched 1 | . 1 . . Investigation . | . . . . Extermination . | . . . . Reinforcement 1 | . 1 . . Assault . | . . . . Garrison . | . . . . Intercept . | . . . . Searches Triggered . | . . . . Construction Impeded . | . . . . Haulers Reinforced . | . . . . Active Scanning Responses . | . . . . Cargo Convoy Interrupts . | . . . . Stealth | -11 -10 -10 -10 --------- Run | Yrd Mat Min Sub Distress Signals . | . . . . Communications Jammed . | . . . . Distress Signals . | . . . . Times Spotted 19 | . 4 6 9 Peak Tracking Total 4 | . 2 4 4 Tactical Retreats . | . . . . Traps | -11 -10 -10 -10 ------- Run | Yrd Mat Min Sub Traps Triggered . | . . . . Indirectly . | . . . . Trap Hack Attempts . | . . . . Triggered . | . . . . Disarmed . | . . . . Reprogrammed . | . . . . Reused . | . . . . Traps Extracted . | . . . . Installed . | . . . . Triggered . | . . . . Machines | -11 -10 -10 -10 ---------- Run | Yrd Mat Min Sub Machines Disabled . | . . . . Max in Single Turn . | . . . . Machines Repaired . | . . . . Machines Dismantled . | . . . . Machines Sabotaged . | . . . . Overloaded Fab Kills . | . . . . Hacking | -11 -10 -10 -10 --------- Run | Yrd Mat Min Sub Machines Accessed 1 | . 1 . . Terminals 1 | . 1 . . Fabricators . | . . . . Repair Stations . | . . . . Recycling Units . | . . . . Scanalyzers . | . . . . Garrison Access . | . . . . Total Hacks 2 | . 2 . . Successful 1 | . 1 . . Failed 1 | . 1 . . Catastrophic . | . . . . Database Lockouts . | . . . . Manual . | . . . . Terminals 2 | . 2 . . Fabricators . | . . . . Repair Stations . | . . . . Recycling Units . | . . . . Scanalyzers . | . . . . Garrison Access . | . . . . Terminal Hacks 1 | . 1 . . Alert Level 1 | . 1 . . Fabricator Hacks . | . . . . Repair Station Hacks . | . . . . Recycling Unit Hacks . | . . . . Scanalyzer . | . . . . Garrison Access Hacks . | . . . . Unauthorized Hacks . | . . . . Terminals . | . . . . Fabricators . | . . . . Repair Stations . | . . . . Recycling Units . | . . . . Scanalyzers . | . . . . Garrison Access . | . . . . Data Cores Recovered . | . . . . Used . | . . . . Hacking Detections 1 | . 1 . . Full Trace Events . | . . . . Feedback Events . | . . . . Feedback Blocked . | . . . . Robot Schematics Acquired . | . . . . Robots Built . | . . . . Authchips . | . . . . Time . | . . . . Total Robot Build Rating . | . . . . Part Schematics Acquired . | . . . . Parts Built . | . . . . Authchips . | . . . . Time . | . . . . Total Part Build Rating . | . . . . Part Studies Acquired . | . . . . Parts Repaired . | . . . . Time . | . . . . Parts Recycled . | . . . . Recycled Matter . | . . . . Retrieved Matter . | . . . . Retrieved Components . | . . . . Parts Scanalyzed . | . . . . Part Schematics Acquired . | . . . . Parts Damaged . | . . . . Bothacking | -11 -10 -10 -10 ------------ Run | Yrd Mat Min Sub Used RIF Installer . | . . . . Robots Hacked . | . . . . Non-combat . | . . . . Combat . | . . . . Robot Hacks Applied . | . . . . Relay Couplers Released . | . . . . Fabnet Peak Effective % . | . . . . Robots Rewired . | . . . . Allies Hacked . | . . . . Hacks Repelled . | . . . . Allies | -11 -10 -10 -10 -------- Run | Yrd Mat Min Sub Total Allies . | . . . . Largest Group . | . . . . Highest-Rated Group . | . . . . Highest-Rated Ally . | . . . . Total Orders . | . . . . Ally Attacks . | . . . . Total Damage . | . . . . Kills . | . . . . Allies Corrupted . | . . . . Allies Melted . | . . . . Intel | -11 -10 -10 -10 ------- Run | Yrd Mat Min Sub Active Infowar (turns) 1375 | . 41 883 451 Optics 421 | . . . 421 Seismic 954 | . 41 883 30 Robot Analysis Total . | . . . . Derelict Logs Recovered 4 | . . 3 1 Drone Launches . | . . . . Drone Recoveries . | . . . . Exploration | -11 -10 -10 -10 ------------- Run | Yrd Mat Min Sub Turns Passed 1576 | 70 102 883 521 Spaces Moved 1183 | 53 75 698 357 Core 9 | 9 . . . Treads . | . . . . Legs 597 | 44 75 478 . Wheels 577 | . . 220 357 Hover . | . . . . Flight . | . . . . Fastest Speed 50 | 50 120 80 80 Average Speed 105 | 108 120 107 99 Slowest Speed 120 | 120 120 120 100 Overloaded Moves . | . . . . Propulsion Burnouts . | . . . . Robots Hopped . | . . . . Potential Cave-ins . | . . . . Cave-ins Triggered . | . . . . Exploration Rate (%) 34 | 4 23 98 13 Regions Visited 3 Branch Regions 2 Pre-discovered Areas 3 | . . 2 1 Known Exits Taken . | . . . . Unknown Exits Taken 3 | 1 1 1 . Scrap Searched 2 | . . 1 1 Spaces Dug . | . . . . Terrain Destroyed . | . . . . Melee . | . . . . Projectile . | . . . . AOE . | . . . . Terrain Rammed . | . . . . Walls Destroyed . | . . . . Machines Disabled . | . . . . Actions | -11 -10 -10 -10 --------- Run | Yrd Mat Min Sub Total 1375 | 62 82 794 437 Wait 79 | . . 67 12 Move 1180 | 52 74 697 357 Hop . | . . . . Pick Up 14 | 4 3 4 3 Fast Attach 9 | 6 1 . 2 Attach 4 | . . . 4 Detach . | . . . . Swap 8 | . 1 4 3 Drop 7 | . 1 3 3 Fire 73 | . 2 18 53 Melee . | . . . . Ram . | . . . . Kick 1 | . . 1 . Crush . | . . . . Escape Stasis . | . . . . Rewire . | . . . . Trap . | . . . . Miscellaneous . | . . . . Route ------- -11/Scrapyard -10/Materials -10/Mines (discovered 3 exits: *Mat x2 / [*Sub]) -10/Subcaves History --------- Turn | Location | Event 7 | -11/Scrapyard | Discovered new exit (range 13) 71 | -11/Scrapyard | Entered Materials 144 | -10/Materials | Discovered new exit (range 13) 173 | -10/Materials | Entered Mines 253 | -10/Mines | Discovered new exit (range 7) 254 | -10/Mines | Learned location of Storage (-9) 307 | -10/Mines | Build established: Mutant 322 | -10/Mines | Found a hidden stash of uninstalled traps 358 | -10/Mines | Found a Scrap Suit stashed away for nefarious purposes 361 | -10/Mines | Found Scrap Suit 395 | -10/Mines | Identified exit to Materials 465 | -10/Mines | Learned location of Zion (-7) 925 | -10/Mines | Excavation squad dispatched 925 | -10/Mines | A large section of the Mines collapsed 1048 | -10/Mines | Discovered new exit (range 6) 1056 | -10/Mines | Entered Subcaves 1057 | -10/Subcaves | Approached by a straggling Scientist 1058 | -10/Subcaves | Learned location of Recycling (-9) 1122 | -10/Subcaves | Lost 5 parts (1p2n1u1w) 1137 | -10/Subcaves | Core integrity fell below 50% 1457 | -10/Subcaves | Build established: Scavenger-Mutant 1570 | -10/Subcaves | Core integrity fell below 20% 1577 | -10/Subcaves | Destroyed by 5M-0A5(R) with Subdweller Laser Last Messages --------------- 01308_ Subatomizers dissect the Assault Rifle. 01331_ Subatomizers dissect the Assault Rifle, destroying it. 01341_ Subatomizers dissect the Disposable Heat Sink. 01385_ UW-MSC(u) builds Twisted Machinery. 01415_ Subatomizers dissect the Lgt. Ion Engine. 01417_ Acquired 12 matter. 01430_ Subatomizers dissect the Lgt. Ion Engine, destroying it. 01435_ UW-MSC(u) builds Twisted Machinery. 01435_ Sub. Machine Gun shoots sparks and powers down. 01442_ UW-MSC(u) builds Twisted Machinery. 01490_ Searching scrap... 01490_ Found Hvy. Riot Gun. 01490_ Found 55 Matter. 01491_ Acquired 46 matter. 01492_ Acquired Hvy. Riot Gun. 01494_ Dropped Broken Sub. Machine Gun. 01495_ Acquired 10 matter. 01569_ Hvy. Riot Gun destroyed. 01571_ 7O-6PR(R) destroyed. 01573_ Sub. Machine Gun destroyed. Map ----- +----------------------------------------------------+ | ???????????????????????????????# | | ???????????????????????????????# | | ??????????????????????????????## | | ?????????????????????????????## ## ### ## | | ?????????????????????????????# ### ##?? ##? | | ????????????????????????????## ### ##????"##?? | | ???????????????????????????## ### #?????"#??? | | ???????????????????????????# #####??????#??? | | ???????????????????????????## ##???????????? | | ????????????????????????????## #???????????? | | ?????????????????????????????#### #???????????? | | ?????????????????????????????#### ##??????????? | | ????????????????????????????## #??????????? | | ???????????????????????????## #??????????? | | ???????????????????????????# ###????????? | | ????????????????##?????????## " #????????? | | ???????????????? ?????????## ""#????????? | | ??????????????? ????####?# #????????? | | ????????????????# ??## ### #########????????? | | ?????????????????# ### ##???????????????? | | ?????????????????# "" #???????????????? | | ?????????????????# "" ##???????????????? | | ?????????????????## "## #????????????????? | | ??????????????????????# ##????????????????? | | ??????????????????????# R #?????????????????? | | ??????????????????????## @ R #?????????????????? | | ???????????????????????###& #?????????????????? | | ????????????????????????##%R #?????????????????? | | ???????????????????????##!*! ##?????????????????? | | ???????????????????????# #??????????????????? | | ???????????????????????# ####??????????????????? | | ???????????????????????## ##?????????????????????? | | ????????????????????????###??????????????????????? | | ?????????????????????????????????????????????????? | | ?????????????????????????????????????????????????? | | ?????????????????????????????????????????????????? | | ?????????????????????????????????????????????????? | | ?????????????????????????????????????????????????? | | ?????????????????????????????????????????????????? | | ?????????????????????????????????????????????????? | | ?????????????????????????????????????????????????? | | ?????????????????????????????????????????????????? | | ?????????????????????????????????????????????????? | | ?????????????????????????????????????????????????? | | ?????????????????????????????????????????????????? | | ?????????????????????????????????????????????????? | | ?????????????????????????????????????????????????? | | ?????????????????????????????????????????????????? | | ?????????????????????????????????????????????????? | | ?????????????????????????????????????????????????? | +----------------------------------------------------+ Best States ------------- Heat Dissipation 25 Energy Generation 15 Energy Capacity 250 Matter Stores 300 Matter Capacity 300 Sight Range 21 Terrain Scan Density 10 Armor Coverage 150 Evasion (%) 55 Item Schematics ----------------- None Robot Schematics ------------------ None Fabricated ------------ Nothing Repaired ---------- Nothing Studied --------- None Alien Tech Used ----------------- None Achievements -------------- Ghost 'Em Challenges ------------ None Game ------ Seed IonDispersionFalx Manual? 0 Play Time 00:19:13 Cumulative 22.8 hours Start 2026.08.14 @ 23:52:00 End 2026.08.15 @ 00:11:36 Sessions 1 Manual Loads 0 Difficulty Rogue Special Mode None Game No. 41 Rogue 41 Adventurer 0 Explorer 0 Win Type - Total 0 Types 0/0/0/0/0/0/0/0/0/0 Lore% 13 Gallery% 20 Achievement% 12 Wizard Run 0 Options --------- Layout 0 ASCII 0 Keyboard 1 Movement Arrows Keybinds 0 Fullscreen 2 Font 18/SmallcapsGlow Map View 76x50 Zoom Use 0% Tactical HUD 1 Map Filters NONE Filters NONE Steam 1 RUN: 5bd7c621-4928-4fe3-b096-9249e8195b8a